 Dungeon Crawl Stone Soup version 0.23-a0-419-g0174fd8 (webtiles) character file.

408403 nujazz the Executioner (level 22, -2/209 HPs)
             Began as a Minotaur Berserker on Nov 11, 2018.
             Was the Champion of Trog.
             Killed from afar by a frost giant (12 damage)
             ... with a bolt of cold
             ... on level 5 of the Vaults on Nov 12, 2018.
             The game lasted 02:47:32 (47272 turns).

nujazz the Executioner (Minotaur Berserker)        Turns: 47272, Time: 02:47:33

Health: -2/209     AC: 29    Str: 22      XL:     22   Next: 41%
Magic:  0/30       EV: 24    Int:  7      God:    Trog [******]
Gold:   3135       SH:  0    Dex: 20 (21) Spells: 21/21 levels left

rFire    + + .     SeeInvis +   X - +9 executioner's axe (vamp)
rCold    + . .     Gourm    .   (shield currently unavailable)
rNeg     . . .     Faith    .   r - +6 scale mail of Wu Jian's Scorn {rElec rPois MR++ Str-4}
rPois    +         Spirit   +   Q - +2 hat {SInv}
rElec    +         Reflect  .   x - scarf {Spirit}
rCorr    +         Harm     .   I - +2 pair of gloves {archery}
MR       +++..                  T - +2 pair of boots {run}
Stlth    ..........             (no amulet)
HPRegen  0.44/turn              d - ring of Heresy {rPois Dex+5}
MPRegen  0.22/turn              D - ring of protection from fire

@: mighty, resistant, berserk cooldown, very slightly contaminated, slowed, very
slow
A: retaliatory headbutt, horns 2, slimy green scales 1, deterioration 1, weak 1,
subdued magic 1
}: 2/15 runes: barnacled, gossamer
a: Berserk, Trog's Hand, Brothers in Arms, Renounce Religion


You were on level 5 of the Vaults.
You worshipped Trog.
Trog was exalted by your worship.
You were not hungry.

You visited 9 branches of the dungeon, and saw 42 of its levels.
You visited the Abyss 1 time.

You collected 4401 gold pieces.
You spent 1266 gold pieces at shops.

Inventory:

Hand Weapons
 h - a +1 executioner's axe of draining
 X - a +9 vampiric executioner's axe (weapon)
Missiles
 A - 10 throwing nets (quivered)
Armour
 r - the +6 scale mail of Wu Jian's Scorn (worn) {rElec rPois MR++ Str-4}
   (You found it on level 4 of the Shoals)

   It affects your strength (-4).
   It insulates you from electricity.
   It protects you from poison.
   It affects your resistance to hostile enchantments.
 x - a scarf of spirit shield (worn)
 I - a +2 pair of gloves of archery (worn)
 M - a scarf of cloud immunity
 Q - a +2 hat of see invisible (worn)
 T - a +2 pair of boots of running (worn)
Jewellery
 d - the ring of Heresy (left hand) {rPois Dex+5}
   (You took it off a deep elf archer on level 3 of the Elven Halls)

   [ring of poison resistance]

   It affects your dexterity (+5).
   It protects you from poison.
 t - an uncursed amulet of faith
 D - a ring of protection from fire (right hand)
Wands
 s - a wand of paralysis (29)
 y - a wand of iceblast (45)
 E - a wand of disintegration (35)
 H - a wand of digging (14)
 S - a wand of acid (11)
Scrolls
 e - 17 scrolls of remove curse
 l - 7 scrolls of magic mapping
 n - 9 scrolls of fog
 o - 10 scrolls of enchant weapon
 B - 9 scrolls of enchant armour
 G - 2 scrolls of summoning
 J - 8 scrolls of identify
 K - 2 scrolls of fear
 O - 2 scrolls of teleportation
 R - 5 scrolls of holy word
 Y - 4 scrolls of blinking
 Z - 8 scrolls of immolation
Potions
 a - 6 potions of brilliance
 f - a potion of might
 i - 5 potions of cancellation
 k - 5 potions of agility
 m - 5 potions of mutation
 p - a potion of invisibility
 q - 7 potions of haste
 u - 4 potions of curing
 v - 2 potions of resistance
 w - 8 potions of ambrosia
 z - 8 potions of flight
 C - a potion of heal wounds
 P - 2 potions of berserk rage
 U - 2 potions of magic
Miscellaneous
 b - a lamp of fire
 g - a phial of floods
 j - 4 boxes of beasts
 F - a lamp of fire
 L - a lightning rod (4/4)
 W - 4 phantom mirrors
Comestibles
 c - 15 rations


   Skills:
 + Level 20.2 Fighting
 * Level 26.5 Axes
 + Level 19.9 Armour
 + Level 18.2 Dodging
 + Level 12.9 Evocations


You had 21 spell levels left.
You didn't know any spells.
Your spell library was empty.

Dungeon Overview and Level Annotations

Branches:
Dungeon (15/15)            Temple (1/1) D:4            Lair (6/6) D:8
 Shoals (4/4) Lair:2       Spider (4/4) Lair:3        Slime (0/5) Lair:5
    Orc (2/2) D:12            Elf (3/3) Orc:2        Vaults (5/5) D:14
  Crypt (0/3) Vaults:2     Depths (2/5) D:15

Altars:
Ashenzari
Cheibriados
Dithmenos
Elyvilon
Fedhas
Gozag
Hepliaklqana
Kikubaaqudgha
Makhleb
Nemelex Xobeh
Okawaru
Qazlal
Ru
Sif Muna
Trog
Uskayaw
Vehumet
Wu Jian
Xom
Yredelemnul
Zin
The Shining One
Beogh

Shops:
D:4 ?*[!   Orc:2 (?!(   Shoals:1 =   Shoals:3 :   Vaults:4 [[

Portals:
Hell: Depths:1 Depths:2
Abyss: Depths:1
Pandemonium: Depths:1
Ziggurat: Depths:1
Trove: Vaults:1 (give 13 potions of heal wounds)

Annotations:
D:13 3 runed doors, XanderDroid's ghost, journeyman GrFi
Shoals:1 1 runed door, Uryvooli's ghost, adept MfBe
Spider:3 exclusion: Roxanne, Roxanne
Elf:2 3 runed doors


Innate Abilities, Weirdness & Mutations

You reflexively headbutt those who attack you in melee.
You have a pair of horns on your head.
You are partially covered in slimy green scales. (AC +2)
Your body sometimes deteriorates upon taking damage.
You are weak. (Str -2)
Your spells are a little easier to cast, but a little less powerful.


Message History

The ironbrand convoker looks frightened!
The orc knight looks frightened!
The troll looks frightened!
The orc looks frightened!
The orc warrior looks frightened!
The ogre mage looks frightened!
The ogre looks frightened! x3
The frost giant seems less brilliant.
The ironbrand convoker seems less brilliant.
The orc no longer looks unusually strong.
The orc warrior no longer looks unusually strong.
The ogre mage seems less brilliant.
The trident of piercing hits you but does no damage.
The deep elf high priest is engulfed in poison gas.
The deep elf high priest looks even sicker.
The frost giant is empowered by the deep elf high priest's aura!
The ironbrand convoker is empowered by the deep elf high priest's aura!
The ogre mage is empowered by the deep elf high priest's aura!
The trident of piercing completely misses you.
The ironbrand convoker gives up.
The frost giant gestures at you while chanting.
The bolt of cold hits you! You resist.
You die...

################
....TO.p@.......
#..#o#C#C.#.#.#
......(§.§p....
.To§O#O#.§§§.#.#
..§e .T .§§§§..
... .O# ..§§§..#
.. ..O .§§§§...
O .### ##......
O. .....


You could see an ironheart preserver (fleeing), a frost giant, a two-headed
ogre, an ogre mage (fleeing), a deep elf high priest (fleeing), an ironbrand
convoker (fleeing), 2 trolls, an orc warrior (fleeing), 3 ogres, a trident of
piercing and a friendly cyclops (berserk).

Vanquished Creatures
  A golden dragon (Depths:1)
  Nikola (Vaults:2)
  Asterion (Elf:1)
  5 titans (Vaults:5)
  A deep elf blademaster (Elf:3)
  A lich (Vaults:3)
  2 deep elf master archers (Elf:3)
  2 sphinxes
  2 krakens
  Polyphemus (Shoals:2)
  2 tentacled starspawn (Abyss:2)
  Donald (Orc:2)
  2 storm dragons
  5 fire giants
  4 deep elf sorcerers
  5 ghost moths
  A deep elf elementalist (Vaults:5)
  11 vault wardens
  A frost giant (Vaults:4)
  An orc warlord (Vaults:4)
  4 emperor scorpions
  Louise (D:15)
  15 ironheart preservers
  12 stone giants
  5 very ugly things
  3 deep elf demonologists
  2 war gargoyles
  6 deep elf annihilators
  4 entropy weavers
  Azrael (Orc:2)
  4 merfolk javelineers
  An eidolon (Vaults:2)
  Snorg (D:14)
  3 fire dragons
  4 merfolk impalers
  A blizzard demon (Abyss:2)
  5 crystal guardians
  4 deep elf death magi (Elf:3)
  3 ettins
  14 yaktaur captains
  2 deep elf high priests (Elf:3)
  Harold (D:8)
  25 vault guards
  A rakshasa (Vaults:2)
  3 great orbs of eyes
  6 ice dragons
  3 merfolk avatars
  Erica (Lair:2)
  3 catoblepae
  8 centaur warriors
  2 death knights (Vaults:2)
  5 merfolk aquamancers
  15 ogre magi
  A deep troll earth mage (Vaults:4)
  46 two-headed ogres
  6 deep troll shamans
  2 tengu warriors (D:13)
  Urug (Lair:6)
  4 orc high priests
  3 death yaks (Shoals:2)
  4 satyrs
  19 dancing weapons
  A spriggan berserker (Depths:1)
  Sonja (Lair:3)
  7 deep elf knights
  A thrashing horror (Abyss:2)
  2 wretched stars (Abyss:2)
  A fire crab (shapeshifter) (Vaults:1)
  A golden dragon zombie (Depths:2)
  5 shadow wraiths
  10 large abominations
  A sixfirhy (Abyss:2)
  4 iron trolls (Depths:1)
  4 skeletal warriors (D:13)
  7 hell knights (Depths:1)
  A flayed ghost (Vaults:4)
  17 sea snakes
  4 unseen horrors
  3 wizards
  9 deep trolls
  5 necromancers
  A tengu zombie (Vaults:3)
  8 harpies
  16 orc knights
  6 orc sorcerers
  7 deep elf archers
  12 orb spiders
  50 deep elf magi
  17 ironbrand convokers
  22 wolf spiders
  A worldbinder (Abyss:2)
  6 cyclopes
  A shining eye (shapeshifter) (Vaults:1)
  33 ugly things
  4 moths of wrath
  Maurice (D:8)
  15 manticores
  19 fauns
  9 merfolk sirens
  Psyche (D:8)
  12 vault sentinels
  2 fire giant skeletons
  10 elephants
  Joseph (D:8)
  A torpor snail (Spider:2)
  4 black mambas
  5 water nymphs
  A spiny frog (shapeshifter) (Vaults:4)
  A storm dragon simulacrum (Vaults:3)
  2 gargoyles
  2 centaur skeletons
  A smoke demon (Abyss:2)
  An orange demon (Abyss:2)
  A spriggan skeleton (Depths:2)
  5 komodo dragons
  18 spiny frogs
  6 freezing wraiths
  19 demonic crawlers
  A komodo dragon (shapeshifter) (Vaults:3)
  2 rime drakes
  3 efreet
  53 yaktaurs
  A yaktaur (shapeshifter) (Vaults:4)
  A rime drake (shapeshifter) (Vaults:3)
  A human skeleton (Vaults:3)
  2 ancient zymes (Abyss:2)
  9 trolls
  Grinder (D:4)
  A jumping spider (shapeshifter) (D:15)
  4 polar bears (Lair:6)
  5 wind drakes
  20 merfolk
  26 jumping spiders
  20 hornets
  22 slime creatures
  8 snapping turtles
  Prince Ribbit (D:9)
  19 blink frogs
  A frost giant simulacrum (Depths:2)
  An ettin zombie (Vaults:3)
  6 raiju (Abyss:2)
  A meliai zombie (D:13)
  7 dream sheep (Lair:6)
  An ettin skeleton (Vaults:3)
  7 hippogriffs
  3 flying skulls (Abyss:2)
  13 tarantellas
  An air elemental (Elf:3)
  50 redbacks
  3 wyverns
  A vampire (Abyss:2)
  10 spriggans (Lair:6)
  2 fire elementals (Orc:2)
  26 yaks
  A tarantella (shapeshifter) (Depths:1)
  A wraith (Abyss:2)
  A neqoxec (Abyss:2)
  3 shadows
  A steam dragon (D:10)
  A chaos spawn (Abyss:2)
  13 water elementals
  Grum (D:8)
  5 basilisks
  A yaktaur simulacrum (Vaults:3)
  A hog (shapeshifter) (Abyss:2)
  2 hungry ghosts
  2 wargs
  An insubstantial wisp (Abyss:2)
  5 soldier ants
  8 hell hounds
  6 acid dragons
  A soldier ant (shapeshifter) (Vaults:3)
  14 water moccasins
  8 porcupines
  42 orc warriors
  5 ice beasts
  A black bear (shapeshifter) (Depths:1)
  An eye of draining (shapeshifter) (Elf:2)
  A phantom (D:6)
  A sky beast (D:11)
  6 black bears
  33 wolves
  6 necrophages (D:12)
  12 boggarts
  17 centaurs
  10 crocodiles
  36 ogres
  3 eyes of draining
  2 big kobolds
  17 bullfrogs
  A human zombie (Vaults:2)
  A gnoll sergeant (Orc:2)
  A glowing shapeshifter simulacrum (Vaults:2)
  16 small abominations
  An earth elemental (Elf:3)
  2 wyvern skeletons
  7 scorpions
  18 killer bees
  2 wights (D:12)
  2 howler monkeys
  7 electric eels
  6 crimson imps
  8 centaur zombies
  6 bullfrog zombies
  6 hounds
  A human simulacrum (Vaults:3)
  6 jellies
  29 orc priests
  2 iron imps
  2 bullfrog skeletons
  Crazy Yiuf (D:7)
  Natasha (twice) (D:3)
  4 iguanas
  29 orc wizards
  7 worker ants
  A hound zombie (D:11)
  3 hound skeletons
  2 mummies (D:12)
  A howler monkey zombie (D:7)
  A gnoll (D:1)
  11 adders
  5 shadow imps
  A white imp (Abyss:2)
  2 adder zombies
  3 worms
  2 dart slugs
  A leopard gecko (D:4)
  121 orcs
  2 ball pythons (D:1)
  3 bats
  4 giant cockroaches
  7 goblins
  5 hobgoblins
  5 jackals (D:1)
  15 kobolds
  3 quokkas
  5 frilled lizards
  A leopard gecko zombie (D:6)
  A quokka skeleton (D:6)
  4 rats (D:1)
  A bush (Lair:6)
  5 fungi
  6 plants
  2 tentacles (Shoals:2)
  A withered plant (D:12)
1702 creatures vanquished.

Vanquished Creatures (collateral kills)
  Arachne (Spider:2)
  A tentacled monstrosity (Vaults:5)
  A deep elf blademaster (Elf:3)
  A sphinx (Vaults:5)
  Gastronok (Lair:1)
  A tengu reaver (Vaults:5)
  An orc warlord (Orc:2)
  A deep elf elementalist (Elf:3)
  Nessos (D:12)
  An entropy weaver (Spider:3)
  2 deep elf demonologists (Elf:3)
  4 merfolk javelineers (Shoals:4)
  A merfolk impaler (Shoals:4)
  An ogre mage (D:14)
  A deep elf high priest (Elf:3)
  A hydra (Lair:6)
  An alligator snapping turtle (Shoals:4)
  A merfolk avatar (Shoals:4)
  2 two-headed ogres (D:14)
  An orc high priest (Orc:2)
  2 orb spiders (Spider:3)
  3 manticores
  A faun (Shoals:4)
  An orc sorcerer (Orc:2)
  A merfolk siren (Shoals:4)
  4 yaktaurs (D:14)
  3 merfolk
  A polar bear (Lair:6)
  A raiju (Abyss:2)
  A redback (Spider:3)
  3 spriggans (Lair:6)
  A water elemental (Shoals:3)
  4 orc warriors (Orc:2)
  2 boggarts
  2 big kobolds (D:14)
  A wight (D:12)
  A bullfrog zombie (D:12)
  4 orc priests (Orc:2)
  A mummy (D:12)
  4 orcs (Orc:2)
66 creatures vanquished.

Vanquished Creatures (others)
  A deep elf knight (Elf:1)
  A jumping spider (Spider:2)
  An ogre (Vaults:2)
  A boggart (Vaults:1)
  A killer bee (D:9)
  A leopard gecko (D:11)
  10 fungi
  6 plants (Lair:6)
  10 starspawn tentacles (Abyss:2)
  10 tentacles
  2 withered plants (Shoals:1)
44 creatures vanquished.

Grand Total: 1812 creatures vanquished

Notes
Turn   | Place    | Note
-------+----------+-------------------------------------------
     0 | D:1      | nujazz the Minotaur Berserker began the quest for the Orb.
     0 | D:1      | Reached XP level 1. HP: 19/19 MP: 0/0
   394 | D:1      | Reached skill level 4 in Axes
   395 | D:1      | Reached XP level 2. HP: 24/27 MP: 1/1
   750 | D:1      | Reached XP level 3. HP: 31/33 MP: 2/2
   811 | D:1      | Reached ** piety under Trog
  1427 | D:2      | Found a hide-covered altar of Uskayaw.
  1427 | D:2      | Noticed a dagger
  1469 | D:2      | Noticed a dagger
  1660 | D:3      | Noticed Natasha
  1676 | D:3      | Killed Natasha
  1676 | D:3      | Reached skill level 5 in Axes
  1676 | D:3      | Reached XP level 4. HP: 41/41 MP: 3/3
  2092 | D:3      | Noticed Natasha
  2097 | D:3      | Killed Natasha
  2097 | D:3      | Reached XP level 5. HP: 38/47 MP: 4/4
  2122 | D:3      | Found a hazy altar of Hepliaklqana.
  2217 | D:4      | Reached skill level 6 in Axes
  2256 | D:4      | Noticed Grinder
  2274 | D:4      | Killed Grinder
  2274 | D:4      | Reached skill level 5 in Fighting
  2274 | D:4      | Reached skill level 7 in Axes
  2274 | D:4      | Reached XP level 6. HP: 43/56 MP: 5/5
  2363 | D:4      | Found a staircase to the Ecumenical Temple.
  2446 | D:4      | Found Ynioh's Distillery.
  2455 | D:4      | Bought a potion of degeneration for 14 gold pieces
  2477 | D:4      | Found Uzxekoff's Antique Armour Emporium.
  2741 | D:4      | Reached XP level 7. HP: 58/61 MP: 6/6
  2743 | D:4      | Reached skill level 5 in Armour
  2807 | D:4      | Found Xoaz's Assorted Antiques.
  2918 | D:4      | Found a white marble altar of Elyvilon.
  2930 | D:4      | Reached skill level 1 in Evocations
  2960 | D:4      | Found Rahyri's Magic Scroll Emporium.
  2968 | D:4      | Bought a scroll of enchant weapon for 75 gold pieces
  2968 | D:4      | Bought a scroll of enchant armour for 75 gold pieces
  3170 | D:5      | Entered Level 5 of the Dungeon
  3573 | D:5      | Found a burning altar of Makhleb.
  3760 | D:5      | Reached skill level 8 in Axes
  4011 | D:6      | Reached *** piety under Trog
  4024 | D:6      | Reached XP level 8. HP: 61/71 MP: 8/8
  4574 | D:7      | Found a glowing silver altar of Zin.
  4597 | D:7      | Reached skill level 9 in Axes
  4622 | D:7      | Found a runed door.
  4754 | D:7      | Noticed a deep elf mage
  4763 | D:7      | Killed a deep elf mage
  4865 | D:7      | Reached XP level 9. HP: 79/79 MP: 10/10
  5324 | D:7      | Noticed Crazy Yiuf
  5330 | D:7      | Killed Crazy Yiuf
  5437 | D:8      | Noticed a two-headed ogre
  5446 | D:8      | Killed a two-headed ogre
  5446 | D:8      | Reached skill level 10 in Axes
  5611 | D:8      | Noticed Harold
  5619 | D:8      | Killed Harold
  5619 | D:8      | Reached skill level 11 in Axes
  5619 | D:8      | Reached skill level 5 in Dodging
  5694 | D:8      | Reached XP level 10. HP: 87/90 MP: 12/12
  5740 | D:8      | Noticed Grum
  5758 | D:8      | Killed Grum
  5960 | D:8      | Found a staircase to the Lair.
  6059 | D:8      | Reached skill level 12 in Axes
  6077 | D:8      | Noticed Psyche
  6095 | D:8      | Killed Psyche
  6156 | D:8      | Paralysed by a hornet for 3 turns
  6161 | D:8      | Paralysed by a hornet for 3 turns
  6339 | D:8      | Noticed Maurice
  6350 | D:8      | Killed Maurice
  6463 | D:8      | Noticed Joseph
  6485 | D:8      | Killed Joseph
  6649 | D:9      | Found a radiant altar of Vehumet.
  6661 | D:9      | Noticed Prince Ribbit
  6666 | D:9      | Killed Prince Ribbit
  6666 | D:9      | Reached **** piety under Trog
  7199 | D:9      | Reached XP level 11. HP: 99/99 MP: 13/13
  7469 | D:10     | Entered Level 10 of the Dungeon
  7546 | D:10     | Reached skill level 13 in Axes
  7551 | D:10     | Reached skill level 10 in Fighting
  8286 | D:11     | Noticed a cyan ugly thing
  8336 | D:11     | Killed a cyan ugly thing
  8450 | D:11     | Reached ***** piety under Trog
  8516 | D:11     | Reached skill level 10 in Armour
  8765 | D:11     | Noticed a two-headed ogre
  8771 | D:11     | Killed a two-headed ogre
  8771 | D:11     | Reached skill level 14 in Axes
  8873 | D:11     | Found a snail-covered altar of Cheibriados.
  9623 | D:12     | Noticed a white ugly thing
  9645 | D:12     | Killed a white ugly thing
  9711 | D:12     | Noticed Nessos
  9719 | D:11     | Received a gift from Trog
  9836 | Lair:1   | Entered Level 1 of the Lair of Beasts
  9871 | Lair:1   | Reached XP level 12. HP: 98/110 MP: 14/14
 10112 | Lair:1   | Noticed Gastronok
 10128 | Lair:1   | Killed Gastronok
 10128 | Lair:1   | Reached skill level 15 in Axes
 11005 | Lair:2   | Noticed Erica
 11028 | Lair:2   | Killed Erica
 11341 | Lair:2   | Found a staircase to the Shoals.
 12437 | Lair:3   | Noticed Sonja
 12443 | Lair:3   | Killed Sonja
 12591 | Lair:3   | Reached skill level 16 in Axes
 12596 | Lair:3   | Found a hole to the Spider Nest.
 13223 | Lair:4   | Reached skill level 10 in Dodging
 13232 | Lair:4   | Reached XP level 13. HP: 117/118 MP: 15/15
 13257 | Lair:4   | Received a gift from Trog
 14330 | Lair:5   | Found a stormy altar of Qazlal.
 14688 | Lair:5   | Found a staircase to the Slime Pits.
 14912 | Lair:6   | Entered Level 6 of the Lair of Beasts
 14950 | Lair:6   | Noticed Urug
 15024 | Lair:6   | Killed Urug
 15348 | Lair:6   | Reached skill level 17 in Axes
 15577 | Lair:6   | Received a gift from Trog
 15809 | Lair:6   | Reached XP level 14. HP: 129/129 MP: 16/16
 16591 | D:12     | Received a gift from Trog
 16603 | D:12     | Killed Nessos
 16977 | D:12     | Found a radiant altar of Vehumet.
 17028 | D:12     | Found a staircase to the Orcish Mines.
 17201 | D:13     | Reached skill level 18 in Axes
 17279 | D:13     | Found a runed gate.
 17280 | D:13     | Found a runed gate.
 17349 | D:13     | Found a runed gate.
 18188 | D:13     | Noticed XanderDroid's ghost (journeyman GrFi)
 18561 | D:13     | Found an iron altar of Okawaru.
 18652 | Orc:1    | Entered Level 1 of the Orcish Mines
 18668 | Orc:1    | Received a gift from Trog
 18672 | Orc:1    | Cast into level 2 of the Abyss (orc warrior)
 18765 | Abyss:2  | Noticed an ancient lich
 18867 | Abyss:2  | Noticed a tentacled starspawn
 18938 | Abyss:2  | Found a corrupted altar of Lugonu.
 19126 | Abyss:2  | Received a gift from Trog
 19323 | Abyss:2  | Gained mutation: Your body sometimes deteriorates upon
                  | taking damage. [a neqoxec]
 19565 | Abyss:2  | Noticed a tentacled starspawn
 19584 | Abyss:2  | Killed a tentacled starspawn
 19588 | Abyss:2  | Reached skill level 19 in Axes
 19607 | Abyss:2  | Gained mutation: Your spells are a little easier to cast,
                  | but a little less powerful. [a cacodemon]
 19608 | Abyss:2  | Noticed a cacodemon
 19609 | Abyss:2  | Gained mutation: You are partially covered in slimy green
                  | scales. (AC +2) [a cacodemon]
 19642 | Abyss:2  | Noticed a tentacled starspawn
 19659 | Abyss:2  | Killed a tentacled starspawn
 19659 | Abyss:2  | Reached XP level 15. HP: 39/139 MP: 17/17
 19661 | Orc:1    | Escaped the Abyss
 20070 | Orc:1    | Received a gift from Trog
 20211 | Orc:2    | Entered Level 2 of the Orcish Mines
 20218 | Orc:2    | Noticed Azrael
 20236 | Orc:2    | Killed Azrael
 20698 | Orc:2    | Found a staircase to the Elven Halls.
 20895 | Orc:2    | Noticed an orc warlord
 20903 | Orc:2    | Found a roughly hewn altar of Beogh.
 20905 | Orc:2    | Killed an orc warlord
 20909 | Orc:2    | Reached ****** piety under Trog
 20909 | Orc:2    | Received a gift from Trog
 20916 | Orc:2    | Found Fiwysas's Antique Weapon Shop.
 20939 | Orc:2    | Got an encrusted battleaxe {god gift}
 20940 | Orc:2    | Identified the +3 battleaxe of Seruewao {freeze, rPois
                  | Dex+2} (Trog gifted it to you on level 2 of the Orcish
                  | Mines)
 21177 | Orc:2    | Noticed Donald
 21190 | Orc:2    | Killed Donald
 21384 | Orc:2    | Found a roughly hewn altar of Beogh.
 21386 | Orc:2    | Received a gift from Trog
 21422 | Orc:2    | Paralysed by an orc sorcerer for 3 turns
 21468 | Orc:2    | Found Vohih's Weapon Boutique.
 21487 | Orc:2    | Found Gani's Distillery.
 21503 | Orc:2    | Bought a potion of invisibility for 112 gold pieces
 21503 | Orc:2    | Bought 2 potions of heal wounds for 140 gold pieces
 21503 | Orc:2    | Bought a potion of mutation for 112 gold pieces
 21503 | Orc:2    | Bought a potion of might for 56 gold pieces
 21503 | Orc:2    | Bought a potion of ambrosia for 112 gold pieces
 21503 | Orc:2    | Bought a potion of might for 56 gold pieces
 21661 | Orc:2    | Found Ysaxafuq's Magic Scroll Emporium.
 21698 | Orc:2    | Bought a scroll of enchant armour for 90 gold pieces
 21698 | Orc:2    | Bought a scroll of blinking for 90 gold pieces
 21698 | Orc:2    | Bought a scroll of blinking for 90 gold pieces
 21698 | Orc:2    | Bought a scroll of blinking for 90 gold pieces
 22201 | Shoals:1 | Entered Level 1 of the Shoals
 22410 | Shoals:1 | Found Cerijoing's Jewellery Boutique.
 22438 | Shoals:1 | Reached skill level 15 in Fighting
 22440 | Shoals:1 | Received a gift from Trog
 22472 | Shoals:1 | Found a runed door.
 22472 | Shoals:1 | Noticed Uryvooli's ghost (adept MfBe)
 22539 | Shoals:1 | Reached skill level 5 in Evocations
 22794 | Shoals:1 | Reached skill level 20 in Axes
 24299 | Spider:1 | Entered Level 1 of the Spider Nest
 24412 | Spider:1 | Reached skill level 15 in Armour
 24707 | Spider:1 | Reached XP level 16. HP: 149/149 MP: 19/19
 25526 | Spider:2 | Received a gift from Trog
 26018 | Spider:2 | Noticed Arachne
 26033 | Spider:2 | Killed Arachne
 26756 | Spider:3 | Identified Roxanne's Papyrus of Moulding
 26756 | Spider:3 | Noticed Roxanne
 27477 | Spider:4 | Entered Level 4 of the Spider Nest
 27549 | Spider:4 | Paralysed by a hornet for 3 turns
 28170 | Spider:4 | Reached skill level 21 in Axes
 28188 | Spider:4 | Received a gift from Trog
 29164 | Spider:4 | Got a gossamer rune of Zot
 29821 | D:14     | Reached XP level 17. HP: 121/158 MP: 21/21
 29877 | D:14     | Found a gate to the Vaults.
 30184 | D:14     | Noticed Snorg
 30193 | D:14     | Killed Snorg
 30198 | D:14     | Identified a scroll of acquirement
 30210 | D:14     | Identified a +2 pair of boots of running (You acquired it
                  | on level 14 of the Dungeon)
 30519 | D:14     | Received a gift from Trog
 30602 | D:15     | Entered Level 15 of the Dungeon
 30706 | D:15     | Found a staircase to the Depths.
 31196 | D:15     | Found a shadowy altar of Dithmenos.
 31213 | D:15     | Found a deep blue altar of Sif Muna.
 31398 | D:15     | Noticed Louise
 31418 | D:15     | Killed Louise
 32221 | Shoals:2 | Noticed Polyphemus
 32242 | Shoals:2 | Killed Polyphemus
 32342 | Shoals:2 | Reached skill level 22 in Axes
 32349 | Shoals:2 | Received a gift from Trog
 32678 | Shoals:2 | Noticed a kraken
 32691 | Shoals:2 | Killed a kraken
 33179 | Shoals:3 | Found Hatim's Book Emporium.
 33442 | Shoals:4 | Entered Level 4 of the Shoals
 33576 | Shoals:4 | Reached XP level 18. HP: 135/168 MP: 9/23
 33816 | Shoals:4 | Received a gift from Trog
 33838 | Shoals:4 | Reached skill level 15 in Dodging
 34413 | Shoals:4 | Got a faintly glowing scale mail
 34444 | Shoals:4 | Identified the +6 scale mail of Wu Jian's Scorn {rElec
                  | rPois MR++ Str-4} (You found it on level 4 of the Shoals)
 34671 | Shoals:4 | Got a barnacled rune of Zot
 35011 | Elf:1    | Entered Level 1 of the Elven Halls
 35149 | Elf:1    | Received a gift from Trog
 35629 | Elf:1    | Noticed Asterion
 35641 | Elf:1    | Killed Asterion
 35784 | Elf:1    | Received a gift from Trog
 35837 | Elf:1    | Identified Sif Muna's Compendium of the Helpful Entourage
 35905 | Elf:1    | Reached skill level 23 in Axes
 36136 | Elf:2    | Found a runed gate.
 36136 | Elf:2    | Found a runed gate.
 36136 | Elf:2    | Found a runed gate.
 36530 | Elf:3    | Entered Level 3 of the Elven Halls
 36656 | Elf:3    | Received a gift from Trog
 37086 | Elf:3    | Noticed an Ice Fiend
 37090 | Elf:3    | Reached XP level 19. HP: 108/178 MP: 10/25
 37570 | Elf:3    | Received a gift from Trog
 37583 | Elf:3    | Reached skill level 10 in Evocations
 38337 | Elf:3    | Identified the ring of Heresy {rPois Dex+5}
 38651 | Elf:3    | Identified the Compendium of Lucky Beguiling
 39224 | Depths:1 | Entered Level 1 of the Depths
 39224 | Depths:1 | Found a gateway to a ziggurat.
 39638 | Depths:1 | Found a one-way gate to the infinite horrors of the Abyss.
 40227 | Depths:1 | Got a bloodstained scale mail
 40228 | Depths:1 | Identified the +1 scale mail of Grace {rElec MP+9} (You
                  | found it on level 1 of the Depths)
 40323 | Depths:1 | Found a one-way gate leading to the halls of Pandemonium.
 40483 | Depths:1 | Found a gateway to Hell.
 40651 | Depths:1 | Reached skill level 24 in Axes
 40693 | Depths:1 | Noticed a golden dragon
 40707 | Depths:1 | Killed a golden dragon
 40720 | Depths:1 | Paralysed by a floating eye for 2 turns
 40728 | Depths:1 | Paralysed by a floating eye for 2 turns
 40924 | Depths:1 | Identified the Reference Book on Doomed Transmutation
 41109 | Depths:2 | Received a gift from Trog
 41529 | Temple   | Entered the Ecumenical Temple
 41942 | Vaults:1 | Entered Level 1 of the Vaults
 42165 | Vaults:1 | Reached XP level 20. HP: 189/189 MP: 20/27
 42458 | Vaults:1 | Found a portal to a secret trove of treasure.
 42526 | Vaults:1 | Gained mutation: You are weak. (Str -2) [a shining eye]
 43290 | Vaults:2 | Found a staircase to the Crypt.
 43404 | Vaults:2 | Noticed Nikola
 43437 | Vaults:2 | Killed Nikola
 43713 | Vaults:2 | Received a gift from Trog
 43938 | Vaults:2 | Reached skill level 25 in Axes
 44500 | Vaults:3 | Received a gift from Trog
 44691 | Vaults:3 | Reached XP level 21. HP: 198/198 MP: 23/28
 45738 | Vaults:4 | Found Zicroup's Armour Boutique.
 45742 | Vaults:4 | Bought a scarf of cloud immunity for 154 gold pieces
 45764 | Vaults:4 | Received a gift from Trog
 46170 | Vaults:4 | Found Yfito's Armour Boutique.
 46259 | Vaults:4 | Received a gift from Trog
 46513 | Vaults:4 | Reached skill level 26 in Axes
 46982 | Vaults:5 | Entered Level 5 of the Vaults
 46987 | Vaults:5 | Reached XP level 22. HP: 154/209 MP: 30/30
 47146 | Vaults:5 | Received a gift from Trog
 47162 | Vaults:5 | Identified the cursed +0 shortbow of Salt {freeze, rC++
                  | Str+3 Dex-3 SInv}
 47162 | Vaults:5 | Identified the ring of Reetroh {rElec rPois MR+ Dex+3}
 47259 | Vaults:5 | Noticed a golden dragon
 47271 | Vaults:5 | HP: 9/209 [frost giant/+1 battleaxe of freezing (2)]
 47272 | Vaults:5 | Killed from afar by a frost giant

Vault maps used:
D:1:      elethiomel_arrival_infinity_welcomes_careful_drivers
D:2:      dancing_weapons_uskayaw
D:3:      overflow_temple_1_default, uniq_natasha
D:4:      elyvilon_altar_1, temple_statues, serial_shops, shop_fountains,
          nicolae_shop_statue_plus, shop, shop, first_ration,
          wad_floor_pattern_1, uniq_grinder
D:5:      kennysheep_mini_moat
D:7:      nicolae_overflow_hidden_temple, guppyfry_early_elven_hall,
          uniq_crazy_yiuf_cottage
D:8:      grunt_lair_entry_orc_guard_hut, hangedman_pestilent_swarm, uniq_grum,
          uniq_harold, uniq_maurice, uniq_joseph, uniq_psyche
D:9:      fiery_altar_vehumet, uniq_prince_ribbit1
D:10:     evilmike_minifort
D:11:     statuecave_lemuel, cheibriados_altar_1
D:12:     cheibrodos_helix_gallery, serial_undead, serial_undead_a,
          serial_undead_c, serial_undead_d, serial_undead_a, serial_undead_a,
          serial_undead_d, serial_undead_c, basic_altar,
          nicolae_underground_beach, uniq_nessos
D:13:     gammafunk_ghost_fury_of_okawaru
D:14:     hangedman_vaults_entry_quadrant_bands, minmay_tree_intersection,
          uniq_snorg
D:15:     grunt_enter_depths_snipers, grunt_dithmenos_smoke,
          lemuel_altar_in_water, uniq_louise
Temple:   eino_temple_scatter_basement
Lair:1:   grunt_megastairs_1, uniq_gastronok
Lair:2:   minmay_shoals_entry_hut, hibernation_bobbens,
          infiniplex_staircase_pool, uniq_erica
Lair:3:   spider_nest_entry_webs, serial_bayou, serial_bayou_lagoon_b,
          serial_bayou_pond_d, serial_bayou_pond_b, serial_bayou_pond_c,
          guppyfry_lair_drakes, lemuel_fruit_fields, uniq_sonja
Lair:4:   beast_lair_carwin_11, lemuel_fruit_tree
Lair:5:   minmay_slime_entry_pillars, basic_altar, chequers_serial_rivers_marsh
Lair:6:   minmay_lair_end_enchanted_forest, uniq_urug
Shoals:1: gammafunk_ghost_grave, serial_shops, nicolae_shop_statue_plus
Shoals:2: uniq_polyphemus
Shoals:3: serial_shops, shop
Shoals:4: shoals_end_hangedman, ldierk_geyser
Spider:2: uniq_arachne
Spider:3: hangedman_spider_tarantella_strand, uniq_roxanne
Spider:4: guppyfry_spider_rune
Orc:2:    pubby_orc_utopia, uniq_azrael, uniq_donald
Elf:1:    eino_elf_arrival_shootout, hangedman_elven_crosses_minicolossus,
          laboratory, uniq_asterion
Elf:3:    grunt_elf_hall_spiral, serial_sigils, serial_sigils_hangedman_leer,
          serial_sigils_hangedman_quiver, serial_sigils_hangedman_scratch,
          serial_sigils_hangedman_etch, serial_sigils_hangedman_shear,
          serial_sigils_hangedman_gnaw
Vaults:1: ontoclasm_vaults_pinch, nicolae_vaults_border_crossing,
          nicolae_vaults_hallways_thing, nicolae_vaults_network_quinsquares,
          st_squares, hangedman_vaults_corner_blocks, v_misc_14,
          ontoclasm_vaults_ligature, grunt_vaults_diagonal,
          ontoclasm_vaults_hangar, ontoclasm_vaults_ring_large, v_misc_18,
          nicolae_vaults_angled_halls, trove_entry_hex_spiral
Vaults:2: minmay_crypt_entry_simple_statues, vaults_room_pools,
          hangedman_vaults_trim, vaults_mumra_hexcomb, uniq_nikola
Vaults:3: nicolae_vaults_network_s, dpeg_vaults_monster_row,
          hangedman_vaults_stitches, ontoclasm_vaults_claustrophobia,
          vaults_room_pools, nicolae_vaults_network_square,
          grunt_vaults_hallway_short, vaults_standard_mumra_lines,
          vaults_room_door_hall, vaults_dpeg_cross, vaults_room_semicircle
Vaults:4: nicolae_vaults_big_ls, hangedman_vaults_stagger,
          vaults_standard_mumra_enter_the_diamond, v_pattern_4,
          nicolae_vaults_stairing_the_circle, st_lines, v_misc_10,
          nicolae_vaults_gold_heap, v_misc_15, serial_shops, shop, shop
Depths:1: enter_ziggurat_b, pan_entry, grunt_hell_entry_dis_grunt,
          abyss_entry_small_statue_room, chequers_serial_rivers_large_a,
          minmay_the_grid_2x2
Depths:2: hangedman_arch_fort, hell_entry, minmay_stone_trees_small,
          minmay_staircase_bubble, minmay_shop_grove

Skill      XL: |  1  2  3  4  5  6  7  8  9 10 11 12 13 14 15 16 17 18 19 20 21 22 |
---------------+-------------------------------------------------------------------+-----
Axes           | 4 5 7 8 9 11 12 14 16 17 19 20 21 22 23 24 25 26 | 26.5
Fighting       | 4 5 6 7 8 9 11 12 13 14 15 16 17 18 19 20 | 20.2
Armour         | 3 4 5 6 8 9 10 11 13 14 15 16 17 18 19 | 19.9
Evocations     | 2 3 4 5 7 8 9 10 11 12 | 12.9
Dodging        | 3 5 6 8 10 11 12 13 14 15 16 17 18 | 18.2

Action                   |  1- 3 |  4- 6 |  7- 9 | 10-12 | 13-15 | 16-18 | 19-21 | 22-24 || total
-------------------------+-------+-------+-------+-------+-------+-------+-------+-------++-------
Melee: Hand axe          |    91 |    75 |   110 |       |       |       |       |       ||   276
       Headbutt          |     9 |    19 |    36 |   157 |   209 |   258 |   427 |    18 ||  1133
       War axe           |       |       |    48 |   406 |       |       |       |       ||   454
       Battleaxe         |       |       |       |   215 |    12 |       |       |       ||   227
       Executioner's axe |       |       |       |       |  1095 |  1228 |  1404 |    54 ||  3781
 Fire: Blowgun           |       |     7 |       |       |       |       |       |       ||     7
Throw: Stone             |    14 |     7 |       |     2 |       |       |       |       ||    23
       Javelin           |       |     7 |    30 |    25 |     2 |    37 |       |       ||   101
       Throwing net      |       |       |     2 |       |       |       |       |       ||     2
       Tomahawk          |       |       |       |    24 |    23 |    14 |       |       ||    61
Invok: Trog's Hand       |     1 |     3 |     3 |    10 |    15 |    10 |     8 |     2 ||    52
       Berserk           |       |       |     4 |     4 |     7 |     3 |     1 |     2 ||    21
       Brothers in Arms  |       |       |       |     1 |     8 |    12 |    10 |     2 ||    33
Evoke: Wand              |       |       |       |     1 |     3 |    45 |     8 |     6 ||    63
  Use: Scroll            |     2 |     2 |     2 |    10 |    19 |    16 |    13 |     2 ||    66
       Potion            |       |       |     1 |     2 |    14 |     5 |    11 |     5 ||    38
 Stab: Sleeping          |     1 |       |       |       |       |       |       |       ||     1
       Paralysed         |       |       |       |     1 |       |       |       |       ||     1
       Distracted        |       |       |       |       |       |     1 |       |       ||     1
  Eat: Chunk             |     2 |     2 |       |     8 |     3 |     2 |     5 |       ||    22
       Ration            |       |     2 |     3 |    10 |    15 |    15 |    10 |     2 ||    57
Armor: Animal skin       |    17 |       |       |       |       |       |       |       ||    17
       Leather armour    |     1 |     1 |       |       |       |       |       |       ||     2
       Ring mail         |       |    20 |    20 |       |       |       |       |       ||    40
       Chain mail        |       |       |    60 |    51 |    32 |   778 |       |       ||   921
       Plate armour      |       |       |       |   246 |   707 |       |       |       ||   953
       Scale mail        |       |       |       |       |       |   117 |   473 |    32 ||   622
Dodge: Dodged            |    63 |    35 |    84 |   334 |   736 |  1166 |  1059 |    67 ||  3544

Table legend:
 A = Non-vault XP
 B = Vault XP
 C = Vault XP percentage of total XP
 D = Non-vault monster count
 E = Vault monster count
 F = Vault count percentage of total count
                 A         B        C        D         E       F
            +---------+---------+-------+---------+---------+-------
      Total |  439254 |  324255 |  42.5 |    1160 |     596 |  33.9
            +---------+---------+-------+---------+---------+-------
        D:1 |      59 |       0 |   0.0 |      26 |       0 |   0.0
        D:2 |      35 |       0 |   0.0 |      10 |       0 |   0.0
        D:3 |      97 |      37 |  27.6 |      21 |       1 |   4.5
        D:4 |     322 |     309 |  49.0 |      15 |       1 |   6.2
        D:5 |     342 |       0 |   0.0 |      10 |       0 |   0.0
        D:6 |     610 |       0 |   0.0 |      10 |       0 |   0.0
        D:7 |     510 |     611 |  54.5 |      10 |       2 |  16.7
        D:8 |    2622 |    4334 |  62.3 |      26 |      17 |  39.5
        D:9 |     862 |     264 |  23.4 |      24 |       1 |   4.0
       D:10 |    1682 |       0 |   0.0 |      23 |       0 |   0.0
       D:11 |    5704 |       0 |   0.0 |      44 |       0 |   0.0
       D:12 |    3417 |    3975 |  53.8 |      28 |      23 |  45.1
       D:13 |   12513 |       0 |   0.0 |      46 |       0 |   0.0
       D:14 |    8325 |    6111 |  42.3 |      28 |      21 |  42.9
       D:15 |   14534 |    3910 |  21.2 |      38 |       4 |   9.5
     Lair:1 |    4549 |    1213 |  21.1 |      20 |       2 |   9.1
     Lair:2 |    4655 |    1197 |  20.5 |      19 |       2 |   9.5
     Lair:3 |    1788 |    2259 |  55.8 |      14 |       9 |  39.1
     Lair:4 |    2612 |     923 |  26.1 |      10 |       2 |  16.7
     Lair:5 |    3736 |     402 |   9.7 |      17 |       4 |  19.0
     Lair:6 |   14502 |    8779 |  37.7 |      47 |      48 |  50.5
   Shoals:1 |   21435 |       0 |   0.0 |      40 |       0 |   0.0
   Shoals:2 |   16551 |    5716 |  25.7 |      32 |       5 |  13.5
   Shoals:3 |    9464 |       0 |   0.0 |      20 |       0 |   0.0
   Shoals:4 |   13001 |   21660 |  62.5 |      24 |      31 |  56.4
   Spider:1 |    7112 |       0 |   0.0 |      18 |       0 |   0.0
   Spider:2 |    9452 |    2166 |  18.6 |      33 |       1 |   2.9
   Spider:3 |   12699 |     210 |   1.6 |      34 |       1 |   2.9
   Spider:4 |   14268 |   20040 |  58.4 |      30 |      43 |  58.9
      Orc:1 |     902 |       0 |   0.0 |      20 |       0 |   0.0
      Orc:2 |       0 |   22220 | 100.0 |       0 |     148 | 100.0
      Elf:1 |   13471 |   18473 |  57.8 |      26 |      32 |  55.2
      Elf:2 |    8123 |    1799 |  18.1 |      12 |       2 |  14.3
      Elf:3 |   21397 |   33329 |  60.9 |      37 |      24 |  39.3
   Vaults:1 |   27542 |   19874 |  41.9 |      41 |      25 |  37.9
   Vaults:2 |   41223 |   14501 |  26.0 |      73 |      16 |  18.0
   Vaults:3 |   33361 |   16145 |  32.6 |      63 |      21 |  25.0
   Vaults:4 |   52636 |   31723 |  37.6 |      73 |      47 |  39.2
   Vaults:5 |    6669 |   61977 |  90.3 |       9 |      45 |  83.3
   Depths:1 |   21875 |   19253 |  46.8 |      30 |      17 |  36.2
   Depths:2 |    6049 |       0 |   0.0 |      11 |       0 |   0.0
    Abyss:2 |   18548 |     845 |   4.4 |      48 |       1 |   2.0
            +---------+---------+-------+---------+---------+-------
